 Dungeon Crawl Stone Soup version 0.31.0-32-g396128a36d (webtiles) character file.

Game seed: 12839537971998125024

184 Curundu the Chopper (level 5, 0/70 HPs)
             Began as a Minotaur Berserker on Mar 16, 2024.
             Was a Believer of Trog.
             Slain by a gnoll
             ... wielding a +0 halberd
             ... led by a gnoll sergeant
              (5 damage)
             ... on level 6 of the Dungeon.
             The game lasted 00:06:04 (2209 turns).

Curundu the Chopper (Minotaur Berserker)            Turns: 2209, Time: 00:06:05

Health: 0/70       AC: 11    Str: 23    XL:     5   Next: 36%
Magic:  4/4        EV:  9    Int:  4    God:    Trog [**....]
Gold:   82         SH:  0    Dex: 10    Spells: 4/4 levels left

rFire   . . .        a - +0 hand axe
rCold   . . .        (no shield)
rNeg    . . .        p - +0 chain mail
rPois   .            (helmet restricted)
rElec   .            n - +0 cloak
rCorr   .            (no gloves)
SInv    .            q - +0 pair of boots
Will    .....        b - amulet of regeneration Stlth
                     (no ring)
HPRegen 1.11/turn    (no ring)
MPRegen 0.09/turn

%: no passive effects
@: berserking, very quick
A: horns 2, retaliatory headbutt
a: Renounce Religion, Berserk, Trog's Hand


You were on level 6 of the Dungeon.
You worshipped Trog.
Trog was pleased with you.
You visited 1 branch of the dungeon, and saw 5 of its levels.

You collected 82 gold pieces.

Inventory:

Hand Weapons
 a - a +0 hand axe (weapon)
Armour
 n - a +0 cloak (worn)
 p - a +0 chain mail (worn)
 q - a +0 pair of boots (worn)
Jewellery
 b - an amulet of regeneration (around neck)
 l - a ring of flight
Wands
 k - a wand of mindburst (16)
Scrolls
 c - 2 scrolls of poison {unknown}
 e - a scroll of silence {unknown}
 g - 2 scrolls of enchant weapon {unknown}
 h - 2 scrolls of identify {unknown}
 j - a scroll of noise {unknown}
Potions
 d - a potion of attraction {unknown}
 f - a potion of brilliance {unknown}
 i - a potion of berserk rage {unknown}
 m - 3 potions of enlightenment {unknown}
 o - 2 potions of degeneration {unknown}
 r - a potion of magic {unknown}


   Skills:
 + Level 4.9 Fighting
 + Level 5.7 Axes
 + Level 3.0 Armour
 + Level 3.0 Dodging
 + Level 0.6 Stealth


You had 4 spell levels left.
You didn't know any spells.
Your spell library was empty.

Dungeon Overview and Level Annotations

Branches:
Dungeon (4/15)
 Temple: D:4-7

Altars:


Innate Abilities, Weirdness & Mutations

You have a pair of horns on your head.
You reflexively headbutt those who attack you in melee.


Message History

You slash the gnoll!
You kill the gnoll!
Trog accepts your kill.
The gnoll sergeant hits you from afar with a +0 spear of flaming!
The gnoll sergeant burns you.
Your Dodging skill increases to level 3!
Found a scroll labelled NAUFOCOORU.
The gnoll barely misses you.
The gnoll sergeant hits you with a +0 spear of flaming!
The gnoll sergeant burns you.
You see here a +0 halberd.
You hit the gnoll sergeant.
Your headbutt misses the gnoll sergeant.
The gnoll sergeant is moderately wounded.
The gnoll barely misses you.
The gnoll sergeant hits you with a +0 spear of flaming.
The gnoll sergeant burns you.
You hit the gnoll sergeant.
Your headbutt misses the gnoll sergeant.
The gnoll sergeant is moderately wounded.
The gnoll hits you but does no damage.
The gnoll sergeant hits you with a +0 spear of flaming!
* * * LOW HITPOINT WARNING * * *
The gnoll sergeant burns you.
* * * LOW HITPOINT WARNING * * *
A red film seems to cover your vision as you go berserk!
You feel yourself moving faster!
You feel mighty!
The gnoll hits you from afar with a +0 halberd!
* * * LOW HITPOINT WARNING * * *
The gnoll sergeant hits you but does no damage.
You hit the gnoll sergeant but do no damage.
You headbutt the gnoll sergeant.
The gnoll sergeant is heavily wounded.
You barely miss the gnoll sergeant.
The gnoll sergeant is heavily wounded.
The gnoll closely misses you.
The gnoll sergeant hits you but does no damage.
You hit the gnoll sergeant.
The gnoll sergeant is severely wounded.
The gnoll hits you from afar with a +0 halberd.
You die...

#.#
#.#
#.####
#....#
#.##.#
#.##.#
#.##.#
#.##.#
#.##@#
#.##g#
#.##g#
#g#
#.#
#.#
#.#
.?#


You could see a gnoll sergeant and 2 gnolls.

Vanquished Creatures
  2 orc priests (D:2)
  Crazy Yiuf (D:2)
  A gnoll (D:6)
  3 adders (D:2)
  A dart slug (D:1)
  3 orcs (D:2)
  5 ball pythons
  3 endoplasms
  3 giant cockroaches
  6 goblins
  4 hobgoblins
  3 jackals (D:1)
  8 kobolds
  3 quokkas
  5 frilled lizards
  6 rats
57 creatures vanquished.

Notes
Turn   | Place    | Note
-------+----------+-------------------------------------------
     0 | D:1      | Curundu the Minotaur Berserker began the quest for the Orb.
     0 | D:1      | Reached XP level 1. HP: 19/19 MP: 0/0
    84 | D:1      | HP: 1/20 [dart slug/slug dart (4)]
   207 | D:1      | Reached skill level 4 in Axes
   207 | D:1      | Reached XP level 2. HP: 27/27 MP: 1/1
   673 | D:2      | Reached XP level 3. HP: 16/34 MP: 2/2
   678 | D:2      | Reached skill level 5 in Axes
   678 | D:2      | Reached XP level 4. HP: 21/41 MP: 3/3
   915 | D:2      | Reached ** piety under Trog
  1330 | D:2      | Found a runed translucent door.
  1331 | D:2      | Noticed Crazy Yiuf
  1340 | D:2      | Killed Crazy Yiuf
  1341 | D:2      | Reached XP level 5. HP: 28/47 MP: 4/4
  2176 | D:4      | You fall into a shaft and drop 2 floors!
  2206 | D:6      | HP: 3/70 [gnoll/+0 halberd[a gnoll sergeant] (12)]
  2209 | D:6      | Slain by a gnoll

Illustrated notes

Levels and vault maps discovered:
D:1:      erik_arrival_orb_chamber, layout_basic
D:2:      layout_loops_ring, uniq_crazy_yiuf_cottage
D:3:      layout_loops_ring
D:4:      layout_basic
D:6:      layout_basic, nicolae_tso_swordbearing_angel, uniq_edmund

Skill      XL: |  1  2  3  4  5 |
---------------+----------------+-----
Axes           | 4 5 |  5.7
Fighting       | 4 |  4.9
Armour         | 3 |  3.0
Dodging        | 3 |  3.0
Stealth        | |  0.6

Action                     |  1- 3 |  4- 6 || total
---------------------------+-------+-------++-------
  Melee: Hand axe          |    36 |    78 ||   114
         Headbutt          |     7 |     7 ||    14
         Punch             |       |     1 ||     1
 Invoke: Berserk           |     1 |     2 ||     3
         Trog's Hand       |       |     1 ||     1
 Armour: Animal skin       |    23 |       ||    23
         Scale mail        |       |    34 ||    34
         Chain mail        |       |    22 ||    22
  Dodge: Dodged            |    26 |    31 ||    57
